 Dungeon Crawl Stone Soup version 0.21.1-1-g345015f (webtiles) character file.

81 empire the Covered (level 4, -6/40 HPs)
             Began as a Minotaur Fighter on June 8, 2018.
             Splashed by a jelly's acid (9 damage)
             ... on level 2 of the Dungeon.
             The game lasted 00:02:59 (1257 turns).

empire the Covered (Minotaur Fighter)               Turns: 1257, Time: 00:03:01

Health: -6/40      AC: -2    Str: 22    XL:     4   Next: 20%
Magic:  3/3        EV:  5    Int:  5    God:
Gold:   118        SH:  9    Dex:  9    Spells: 3/3 levels left

rFire    . . .     SeeInvis .   a - +0 long sword
rCold    . . .     Gourm    .   c - +0 shield
rNeg     + . .     Faith    .   j - +0 chain mail {rN+}
rPois    .         Spirit   .   (helmet restricted)
rElec    .         Reflect  .   (no cloak)
rCorr    .         Harm     .   (no gloves)
MR       .....                  (no boots)
Stlth    ..........             (no amulet)
HPRegen  0.13/turn              (no ring)
MPRegen  0.08/turn              (no ring)

@: corroded
A: retaliatory headbutt, horns 2
a: no special abilities


You were on level 2 of the Dungeon.
You were not hungry.

You visited 1 branch of the dungeon, and saw 2 of its levels.

You collected 118 gold pieces.

Inventory:

Hand Weapons
 a - a +0 long sword (weapon)
Armour
 c - a +0 shield (worn)
 j - a +0 chain mail of positive energy (worn)
Scrolls
 b - 3 scrolls of identify {unknown}
 e - a scroll of noise {unknown}
 g - 2 scrolls of magic mapping {unknown}
 l - a scroll of remove curse {unknown}
Potions
 d - a potion of might
 i - a potion of agility {unknown}
 k - 2 potions of flight {unknown}
 m - a potion of brilliance {unknown}
 n - 2 potions of curing {unknown}
 o - a potion of degeneration {unknown}
 p - a potion of invisibility {unknown}
Comestibles
 f - 3 rations


   Skills:
 - Level 4.0 Fighting
 * Level 4.3 Long Blades
 + Level 4.4 Armour
 + Level 3.9 Shields


You had 3 spell levels left.
You didn't know any spells.

Dungeon Overview and Level Annotations

Branches:
Dungeon (2/15)

Altars:
Dithmenos


Innate Abilities, Weirdness & Mutations

You reflexively headbutt those who attack you in melee.
You have a pair of horns on your head.


Message History

You block the jelly's attack. The jelly hits you but does no damage.
You hit the jelly but do no damage.
Your hands burn!
You headbutt the jelly.
The jelly is heavily wounded.
The jelly hits you but does no damage.
You hit the jelly.
Your hands burn!
The jelly is severely wounded.
The jelly hits you but does no damage.
You hit the jelly. The acid corrodes you!
Your hands burn!
The jelly is almost dead.
The jelly hits you. The acid corrodes you!
You are splashed with acid!
The acid burns!
* * * LOW HITPOINT WARNING * * *
The jelly barely misses you. You furiously retaliate!
You headbutt the jelly. You hit the jelly but do no damage.
Your hands burn!
* * * LOW HITPOINT WARNING * * *
The jelly is almost dead.
The jelly hits you.
* * * LOW HITPOINT WARNING * * *
The acid corrodes you!
You are splashed with acid!
The acid burns!
You die...

#..# #.........# ####
#.........##
#...........
#.......#...
##...#.##..#
###...#.##...
.##....#.##.#.
#######.# ##...#.##.#.
##..†.@J# #...##.#....
#.########
#.#.##.#....
##..'....#
#.#.##.#...#
####....###...##.#....
#.......##....##.....#
#.......##.....).)....
#.......##............
#.......####..#.##...#
##.....## #.##.##...#


You could see a jelly.

Vanquished Creatures
  3 adders (D:2)
  A worm (D:2)
  2 dart slugs (D:1)
  5 bats
  A giant cockroach (D:2)
  5 hobgoblins
  7 jackals
  A quokka (D:2)
  5 frilled lizards
  2 goblins
  12 kobolds
  3 rats
47 creatures vanquished.

Vanquished Creatures (others)
  8 toadstools (D:2)
8 creatures vanquished.

Grand Total: 55 creatures vanquished

Notes
Turn   | Place    | Note
-------+----------+-------------------------------------------
     0 | D:1      | empire the Minotaur Fighter began the quest for the Orb.
     0 | D:1      | Reached XP level 1. HP: 19/19 MP: 0/0
   184 | D:1      | Reached XP level 2. HP: 26/27 MP: 1/1
   702 | D:2      | Reached XP level 3. HP: 25/33 MP: 2/2
   951 | D:2      | Found a shadowy altar of Dithmenos.
   980 | D:2      | Reached XP level 4. HP: 34/40 MP: 3/3
  1257 | D:2      | Splashed by a jelly's acid

Skill      XL: |  1  2  3 |
---------------+----------+-----
Long Blades    | 3 4 |  4.3
Fighting       | 4 |  4.0
Armour         | 4 |  4.4
Shields        | |  3.9

Action                   |  1- 3 |  4- 6 || total
-------------------------+-------+-------++-------
Melee: Long sword        |    98 |    35 ||   133
       Headbutt          |    12 |     9 ||    21
  Eat: Chunk             |       |     1 ||     1
Armor: Chain mail        |    77 |    16 ||    93
       Scale mail        |     3 |       ||     3
Dodge: Dodged            |    21 |     6 ||    27
Block: Shield            |    65 |    13 ||    78
       Rpst.: Long sword |     9 |     1 ||    10
